 Dungeon Crawl Stone Soup version 0.17.2-1-ge4368a0 (webtiles) character file.

557 rlgrobin the Twirler (level 7, -3/34 HPs)
             Began as a Vine Stalker Gladiator on Apr 20, 2017.
             Slain by an orc
             ... wielding a +0 trident
              (5 damage)
             ... on level 5 of the Dungeon.
             The game lasted 00:04:51 (3565 turns).

rlgrobin the Twirler (Vine Stalker Gladiator)       Turns: 3565, Time: 00:04:51

Health: -3/34      AC:  0    Str: 17    XL:     7   Next: 30%
Magic:  0/8        EV: 13    Int:  8    God:
Gold:   193        SH:  0    Dex: 17    Spells: 0 memorised, 6 levels left

rFire  . . .     SeeInvis .     (no weapon)
rCold  . . .     Clarity  .     (no armour)
rNeg   . . .     SustAt   .     (no shield)
rPois  .         Gourm    .     (no helmet)
rElec  .         Spirit   +     (no cloak)
rCorr  .         Warding  .     (no gloves)
rMut   .         Stasis   .     (no boots)
MR     .....                    (no amulet)
Stlth  ++........               (no ring)
                                (no ring)

@: not resistant to hostile enchantments, unstealthy
A: fangs 2, regeneration 2, magic shield, antimagic bite, no device heal 3, rot
immunity
a: no special abilities


You were on level 5 of the Dungeon.
You were very full.

You visited 1 branch of the dungeon, and saw 5 of its levels.

You collected 193 gold pieces.


Innate Abilities, Weirdness & Mutations

You have extremely sharp teeth.
You heal very quickly.
When hurt, damage is shared between your health and your magic reserves.
Your bite disrupts and absorbs the magic of your enemies.
Potions and wands cannot restore your health.
You are immune to rotting.


   Skills:
 - Level 1.7 Fighting
 + Level 7.4 Staves
 - Level 1.7 Throwing
 - Level 2.4 Dodging


You had 6 spell levels left.
You didn't know any spells.

Inventory:

Hand Weapons
 a - a +0 quarterstaff
Missiles
 d - 5 throwing nets {=f}
Armour
 b - a +0 leather armour
 l - a +0 ring mail
Jewellery
 k - an uncursed ring of flight {unknown}
 q - a cursed -4 ring of dexterity {unknown}
 t - an uncursed ring of wizardry {unknown}
 w - an uncursed ring of protection from magic {unknown}
Scrolls
 g - 5 scrolls of identify {unknown}
 h - a scroll of blinking {unknown}
 i - 2 scrolls of recharging {unknown}
 j - a scroll of immolation {unknown}
 m - a scroll of enchant armour {unknown}
 n - 3 scrolls of remove curse {unknown}
 u - a scroll of random uselessness {unknown}
 v - a scroll of fear {unknown}
Comestibles
 e - 2 bread rations
 f - a meat ration
 p - 2 royal jellies

Dungeon Overview and Level Annotations

Branches:
Dungeon (5/15)
 Temple: D:4-7

Altars:
Qazlal

............▒. ..8........▒.▒
▒▒▒▒▒ .....O....▒.▒ .....
...8.....▒.▒ ..... ...[....▒.▒▒
▒▒▒.▒ ..8....▒.▒▒ ▒.▒
..▒...▒.▒▒▒▒▒▒▒▒▒▒▒▒▒▒<. ▒..
▒▒▒▒▒▒.▒..)...▒▒o....... ..▒▒.▒
..▒...▒.▒▒▒ ▒f▒ !...▒ .......▒.▒▒
▒O▒ ...▒.▒ ........▒O▒▒ ▒.▒
▒▒▒▒+▒▒▒▒.▒.▒ ......[..▒o▒▒ ▒.▒
▒.......▒.▒.▒ ..........▒.▒▒ ▒.▒
▒.▒▒.▒▒.▒.▒.▒
▒▒.▒.......▒.▒▒▒<▒▒▒▒.▒.▒.▒.▒....
▒.▒.▒.......▒.▒▒.▒▒.'..▒.▒..'....
▒▒▒▒▒........▒▒▒....▒.▒.▒.▒.▒.▒..
▒▒▒▒▒........▒▒▒▒.▒▒.▒▒.▒.▒▒▒


You could see an ogre and an orc.


Message History

There is a stone staircase leading down here!
You climb downwards!
The orc barely misses you!
There is a stone staircase leading up here!
Wield which item (- for none, * to show all)? (? for menu, Esc to quit)
Okay, then!
The orc misses you! The orc hits you with a trident!
You take 1 damage, and have 33/34 hp!
You now have 7/8 mp!
The orc hits you with a trident!
You take 2 damage, and have 31/34 hp!
The orc closely misses you! The orc hits you with a trident!
You take 3 damage, and have 29/34 hp!
You now have 6/8 mp!
The orc hits you with a trident!
You take 3 damage, and have 26/34 hp!
The ogre hits you with a giant club!!!!!! * * * don't die
* * * You take 14 damage, and have 12/34 hp!
MASSIVE DAMAGE!!!!!!
You now have 2/8 mp!
The orc hits you with a trident!!! * * * don't die
* * * The ogre misses you!
You take 7 damage, and have 5/34 hp!
MASSIVE DAMAGE!!!!!!
You now have 1/8 mp!
The orc misses you!
The ogre hits you with a giant club! * * * don't die
* * * The orc closely misses you!
You take 3 damage, and have 2/34 hp!
You now have 0/8 mp!
The ogre closely misses you! The orc hits you with a trident! rip

Action                   |  1- 3 |  4- 6 |  7- 9 || total
-------------------------+-------+-------+-------++-------
Melee: Quarterstaff      |   113 |   156 |    53 ||   322
 Stab: Sleeping          |     1 |       |       ||     1
  Eat: Bread ration      |     1 |       |       ||     1
       Royal jelly       |     1 |       |       ||     1
       Meat ration       |       |     2 |       ||     2

Vault maps used:
D:1:      roderic_dead_forest
D:2:      first_bread, minivault_5
D:4:      nicolae_overflow_crystal_walls, kennysheep_generic_room_2
D:5:      wad_pebble_path, basic_altar, kennysheep_generic_room_9

Notes
Turn   | Place    | Note
--------------------------------------------------------------
     0 | D:1      | rlgrobin the Vine Stalker Gladiator began the quest for the Orb.
     0 | D:1      | Reached XP level 1. HP: 11/11 MP: 2/2
   157 | D:1      | Reached skill level 3 in Staves
   184 | D:1      | Reached XP level 2. HP: 15/15 MP: 3/3
   724 | D:2      | hey again
   743 | D:2      | trying to fill the whole level with VSGl
   823 | D:2      | Reached XP level 3. HP: 18/18 MP: 4/4
  1058 | D:2      | Reached skill level 4 in Staves
  1507 | D:3      | Reached XP level 4. HP: 21/23 MP: 5/5
  1879 | D:3      | Reached skill level 5 in Staves
  1879 | D:3      | Reached XP level 5. HP: 20/26 MP: 6/6
  2245 | D:4      | Gained mutation: You heal very quickly. [Vine Stalker growth]
  2245 | D:4      | Reached XP level 6. HP: 23/30 MP: 5/7
  2330 | D:4      | Found a stormy altar of Qazlal.
  2361 | D:4      | Reached skill level 6 in Staves
  3221 | D:5      | Entered Level 5 of the Dungeon
  3287 | D:5      | Reached XP level 7. HP: 34/34 MP: 8/8
  3292 | D:5      | Reached skill level 7 in Staves
  3564 | D:5      | HP: 2/34 [ogre/giant club (4)]
  3565 | D:5      | Slain by an orc

Vanquished Creatures
  An ogre (D:4)
  A scorpion (D:4)
  A crimson imp (D:5)
  2 hounds (D:4)
  An iguana (D:5)
  2 orc wizards
  2 worker ants
  A hound zombie (D:5)
  3 adders
  4 gnolls (D:3)
  An ooze (D:4)
  2 worms (D:2)
  3 giant geckos
  13 orcs
  6 bats
  5 hobgoblins
  4 jackals (D:5)
  6 kobolds
  2 quokkas (D:3)
  3 ball pythons
  9 giant cockroaches
  A giant cockroach zombie (D:3)
  4 giant newts
  8 goblins
  A quokka skeleton (D:5)
  10 rats
96 creatures vanquished.
